 Dungeon Crawl Stone Soup version 0.19-a0-505-g8266cc7 (webtiles) character file.

181 shmeve the Skirmisher (level 5, 0/48 HPs)
             Began as a Minotaur Fighter on June 5, 2016.
             Slain by an orc
             ... wielding a +0 flail
              (4 damage)
             ... on level 4 of the Dungeon.
             The game lasted 00:04:35 (2105 turns).

shmeve the Skirmisher (Minotaur Fighter)            Turns: 2105, Time: 00:04:36

Health: 0/48       AC:  8    Str: 22    XL:     5   Next: 34%
Magic:  4/4        EV:  8    Int:  5    God:
Gold:   127        SH:  9    Dex:  9    Spells: 0 memorised, 4 levels left

rFire  . . .     SeeInvis .     a - +0 war axe
rCold  . . .     Gourm    .     b - +0 scale mail
rNeg   . . .     Faith    .     c - +0 shield
rPois  .         Spirit   .     (helmet restricted)
rElec  .         Dismiss  .     y - +0 cloak
rCorr  .         Reflect  .     (no gloves)
SustAt .         Harm     .     (no boots)
MR     .....                    (no amulet)
Stlth  ..........               (no ring)
                                (no ring)

@: not resistant to hostile enchantments, extremely unstealthy
A: retaliatory headbutt, horns 2
a: no special abilities


You were on level 4 of the Dungeon.
You were not hungry.

You visited 1 branch of the dungeon, and saw 4 of its levels.

You collected 127 gold pieces.

Inventory:

Hand Weapons
 a - a +0 war axe (weapon)
Armour
 b - a +0 scale mail (worn)
 c - a +0 shield (worn)
 y - a +0 cloak (worn)
Wands
 t - a wand of iceblast (4/15)
 w - a wand of flame (23/48)
Scrolls
 e - 3 scrolls of blinking {unknown}
 k - a scroll of remove curse {unknown}
 l - a scroll of enchant weapon {unknown}
 m - a scroll of magic mapping {unknown}
 n - a scroll of enchant armour {unknown}
 p - a scroll of random uselessness {unknown}
 q - a scroll of teleportation {unknown}
 r - a scroll of identify {unknown}
 z - a scroll of amnesia {unknown}
Potions
 d - a potion of might
 g - a potion of agility {unknown}
 h - a potion of haste {unknown}
 i - a potion of magic {unknown}
 j - 2 potions of lignification {unknown}
 o - a potion of mutation {unknown}
 u - a potion of curing {unknown}
 x - 2 potions of cancellation {unknown}
Comestibles
 f - 3 bread rations
 s - a beef jerky
 v - a meat ration
 A - 3 chunks of flesh


   Skills:
 * Level 5.0 Fighting
 * Level 3.7 Axes
 + Level 4.4 Armour
 + Level 1.3 Dodging
 * Level 4.7 Shields


You had 4 spell levels left.
You didn't know any spells.

Dungeon Overview and Level Annotations

Branches:
Dungeon (4/15)
 Temple: D:4-7

Altars:
Gozag
Makhleb
Trog


Innate Abilities, Weirdness & Mutations

You reflexively headbutt those who attack you in melee.
You have a pair of horns on your head.


Message History

You furiously retaliate!
You headbutt the hound, but do no damage.
You block the orc's attack. You block the hound's attack.
You block the orc's attack. Something hits you but does no damage.
The orc barely misses you. The hound bites you.
* * * LOW HITPOINT WARNING * * *
You miss something. You closely miss the orc. You barely miss the hound.
The hound is moderately wounded.
You slash the orc!
You kill the orc!
A sky beast appears from thin air!
Reactivating autopickup.
The sky beast hits you.
* * * LOW HITPOINT WARNING * * *
The sky beast shocks you.
* * * LOW HITPOINT WARNING * * *
You block the hound's attack. You block the orc wizard's attack.
The sky beast hits you but does no damage.
The orc hits you with a flail.
You die...

..........#
#.#####.#<# .
##.#####.#.# ..
.......#.#.# .#
.........#.###..#.
..................
##.###.#........#
###.....####..
......oh@#
.#####.oYo......
#..o.......
............
##......#....
#$.........#
#..........#
............


You could see a sky beast, a hound, an orc wizard and 3 orcs.

Vanquished Creatures
  Crazy Yiuf (D:3)
  Ijyb (D:3)
  Robin (D:3)
  A gnoll (D:1)
  An adder (D:2)
  An ooze (D:3)
  4 worms
  2 dart slugs
  2 orcs
  6 giant cockroaches
  11 goblins
  9 hobgoblins
  5 jackals
  2 ball pythons
  8 bats
  6 giant newts
  10 kobolds
  8 rats
79 creatures vanquished.

Notes
Turn   | Place    | Note
--------------------------------------------------------------
     0 | D:1      | shmeve the Minotaur Fighter began the quest for the Orb.
     0 | D:1      | Reached XP level 1. HP: 19/19 MP: 0/0
     1 | D:1      | Found a bloodstained altar of Trog.
    88 | D:2      | Reached XP level 2. HP: 22/27 MP: 1/1
   143 | D:2      | Reached skill level 4 in Fighting
   195 | D:1      | Reached XP level 3. HP: 25/33 MP: 2/2
   805 | D:2      | Found an opulent altar of Gozag.
   814 | D:2      | Reached XP level 4. HP: 34/40 MP: 3/3
  1057 | D:2      | Found a burning altar of Makhleb.
  1143 | D:3      | Noticed Ijyb
  1150 | D:3      | Killed Ijyb
  1150 | D:3      | Reached skill level 1 in Dodging
  1218 | D:3      | Noticed Robin
  1328 | D:3      | Killed Robin
  1328 | D:3      | Reached XP level 5. HP: 38/47 MP: 4/4
  1910 | D:3      | Noticed Crazy Yiuf
  1914 | D:3      | Killed Crazy Yiuf
  1914 | D:3      | Reached skill level 5 in Fighting
  2096 | D:4      | Noticed a sky beast
  2105 | D:4      | Slain by an orc

Vault maps used:
D:1:      sevenhm_arrival_forest_fort_small_6
D:2:      lemuel_round_altar, lightli_temple_of_fire
D:3:      first_bread, uniq_robin, uniq_iyjb, uniq_crazy_yiuf_cottage
D:4:      minmay_temple_entry_grid

Skill      XL: |  1  2  3  4  5 |
---------------+----------------+-----
Armour         | 4 |  4.4
Fighting       | 4 5 |  5.0
Axes           | 3 |  3.7
Shields        | 4 |  4.7
Dodging        | 1 |  1.3

Action                   |  1- 3 |  4- 6 || total
-------------------------+-------+-------++-------
Melee: War axe           |    86 |    78 ||   164
       Headbutt          |    14 |    11 ||    25
  Eat: Chunk             |       |     4 ||     4
Armor: Scale mail        |    64 |    26 ||    90
Dodge: Dodged            |    35 |    30 ||    65
Block: Shield            |    71 |    59 ||   130
